 Dungeon Crawl Stone Soup version 0.23.2-11-gf996548c65 (webtiles) character file.

Game seed: 9411647470340208743

56292 zord the Black Belt (level 14, -38/116 HPs)
             Began as an Octopode Transmuter on June 4, 2019.
             Was a High Priest of Okawaru.
             Killed from afar by an efreet (54 damage)
             ... with a fireball
             ... on level 14 of the Dungeon.
             The game lasted 01:42:56 (34713 turns).

zord the Black Belt (Octopode Transmuter)          Turns: 34713, Time: 01:42:57

Health: -38/116    AC: 10    Str:  4    XL:     14   Next: 81%
Magic:  24/24      EV: 14    Int: 15    God:    Okawaru [*****.]
Gold:   1677       SH:  0    Dex: 23    Spells: 7/27 levels left

rFire    x . .     SeeInvis +     - Unarmed
rCold    + + +     Gourm    .   (shield currently unavailable)
rNeg     + + .     Faith    .   (helmet currently unavailable)
rPois    +         Spirit   .   (no amulet)
rElec    .         Reflect  .   G - ring of positive energy
rCorr    +         Harm     .   A - ring of see invisible
MR       ++...                  J - +3 ring of protection
Stlth    +++.......             K - +3 ring of dexterity
HPRegen  0.29/turn              n - ring of Jyuvoigri {Wiz rN+ MR+ Str-5}
MPRegen  0.19/turn              M - ring of resist corrosion
                                (no ring)
                                (no ring)

@: ice-form
A: large, almost no armour, stealthy swim, amphibious, 8 rings, (constrict 8),
agile 1
a: End Transformation, Heroism, Finesse, Renounce Religion


You were on level 14 of the Dungeon.
You worshipped Okawaru.
Okawaru was extremely pleased with you.
You were not hungry.
You were a creature of crystalline ice.
You visited 3 branches of the dungeon, and saw 21 of its levels.

You collected 1677 gold pieces.

Inventory:

Missiles
 a - 304 arrows
 s - a throwing net
 I - 8 poisoned javelins (quivered)
Armour
 h - a +0 buckler
 t - a +1 hat of magic resistance
 z - the +1 shield of Resourcefulness (melded) {rPois rCorr}
   (Okawaru gifted it to you on level 4 of the Lair of Beasts)

   It protects you from poison.
   It provides partial protection from all sources of acid and corrosion.
 R - the +1 hat of Natyo (melded) {rF+ Slay+6}
   (Okawaru gifted it to you on level 13 of the Dungeon)

   It affects your accuracy and damage with ranged weapons and melee attacks
   (+6).
   It protects you from fire.
Jewellery
 n - the ring of Jyuvoigri (on tentacle) {Wiz rN+ MR+ Str-5}
   (You acquired it on level 4 of the Lair of Beasts)

   [ring of wizardry]

   It improves your spell success rate.
   It affects your strength (-5).
   It protects you from negative energy.
   It affects your resistance to hostile enchantments.
 A - a ring of see invisible (right front paw)
 G - a ring of positive energy (left front paw)
 J - a +3 ring of protection (on tentacle)
 K - a +3 ring of dexterity (on tentacle)
 M - a ring of resist corrosion (on tentacle)
Wands
 p - a wand of iceblast (9)
 y - a wand of polymorph (11)
 B - a wand of digging (5)
 D - a wand of flame (8)
 H - a wand of random effects (5)
 N - a wand of enslavement (7)
Scrolls
 e - 6 scrolls of teleportation
 f - 2 scrolls of fog
 j - 13 scrolls of remove curse
 m - 5 scrolls of magic mapping
 o - a scroll of blinking
 q - a scroll of fear
 r - a scroll of silence
 u - 3 scrolls of amnesia
 C - a scroll of identify
 F - 2 scrolls of noise
 O - a scroll of enchant weapon
 P - 3 scrolls of immolation {unknown}
Potions
 b - 6 potions of haste
 d - 4 potions of brilliance
 g - 6 potions of flight
 i - 2 potions of agility
 k - 6 potions of curing
 v - 3 potions of might
 w - 2 potions of lignification
 x - 2 potions of mutation
 E - a potion of resistance
 L - 3 potions of heal wounds
Miscellaneous
 l - a sack of spiders
Comestibles
 c - 43 rations
 Q - a chunk of flesh


   Skills:
 * Level 9.4 Fighting
   Level 0.3 Long Blades
 - Level 5.2 Dodging
 - Level 5.2 Stealth
 * Level 3.1 Shields
 * Level 16.0 Unarmed Combat
 - Level 7.0 Spellcasting
 * Level 1.9 Charms
 * Level 1.8 Necromancy
 - Level 10.0 Transmutations
 - Level 7.1 Ice Magic
 * Level 1.5 Earth Magic
 - Level 4.4 Poison Magic
 - Level 5.0 Invocations
 + Level 2.6 Evocations


You had 7 spell levels left.
You knew the following spells:

 Your Spells              Type           Power        Failure   Level  Hunger
a - Beastly Appendage     Tmut           #####.       1%          1    None
b - Sticks to Snakes      Tmut           #####...     1%          2    None
c - Spider Form           Tmut/Pois      ####......   1%          3    ##.....
d - Ice Form              Ice/Tmut       ####....     1%          4    ####...
e - Blade Hands           Tmut           #####.....   2%          5    #####..
f - Regeneration          Chrm/Necr      ##........   8%          3    ##.....
g - Passwall              Tmut/Erth      ###.....     1%          2    None

Your spell library contained the following spells:

 Spells                   Type           Power        Failure   Level  Hunger
 Infusion                 Chrm           ##..         2%          1    None
 Sandblast                Erth           #.....       2%          1    None
 Song of Slaying          Chrm           ##......     3%          2    None
 Petrify                  Tmut/Erth      ###.....     4%          4    ####...
 Shroud of Golubria       Chrm/Tloc      #.........   6%          2    None
 Spectral Weapon          Hex/Chrm       #.......     11%         3    ##.....
 Stone Arrow              Conj/Erth      #.....       12%         3    ##.....
 Lee's Rapid Deconstruct  Erth           #.........   58%         5    #####..


Dungeon Overview and Level Annotations

Branches:
Dungeon (14/15)            Temple (1/1) D:6            Lair (6/6) D:8
  Swamp (0/4) Lair:4       Spider (0/4) Lair:3        Slime (0/5) Lair:6
    Orc (0/2) D:10
 Vaults: D:13-14

Altars:
Ashenzari
Cheibriados
Dithmenos
Elyvilon
Fedhas
Gozag
Hepliaklqana
Kikubaaqudgha
Makhleb
Nemelex Xobeh
Okawaru
Qazlal
Ru
Sif Muna
Trog
Uskayaw
Vehumet
Wu Jian
Xom
Yredelemnul
Zin
The Shining One

Shops:
D:12 *

Annotations:
D:4 3 runed translucent doors, Grinder; VAZYLA's ghost, amateur MfFi
D:6 1 runed translucent door, exclusion: downstairs, Crazy Yiuf
D:7 Dowan
D:8 exclusion: 2 downstairs
D:9 2 transporters, exclusion: downstairs, Grendash's ghost, novice MiFi
D:10 exclusion: 2 downstairs
D:11 exclusion: 3 doors
D:12 exclusion: downstairs
Lair:3 exclusion: oklob plant
Lair:5 exclusion: downstairs


Innate Abilities, Weirdness & Mutations

You cannot wear most types of armour.
You are very stealthy in the water. (Stealth+)
You are amphibious.
You can wear up to eight rings at the same time.
((You can use your tentacles to constrict eight enemies at once.))
((Your skin changes colour to match your surroundings (Stealth+).))
((Your rubbery body absorbs attacks. (AC +1, EV +1)))
You are agile. (Dex +2)
((Your flesh is cold resistant. (rC+)))
((You are resistant to electric shocks. (rElec)))


Message History

The centaur warrior barely misses you.
You punch the centaur warrior! You freeze the centaur warrior.
The centaur warrior is severely wounded.
The unseen horror hits you but does no damage.
The centaur warrior hits you!
You pummel the centaur warrior!! You freeze the centaur warrior.
You kill the centaur warrior!
Okawaru accepts your kill.
An efreet comes into view.
It is wielding a +2 scimitar of flaming.
An efreet comes into view.
It is wielding a +4 scimitar of flaming.
The unseen horror hits you.
You barely miss the efreet. The unseen horror hits you.
The unseen horror hits you! The efreet gestures at you.
The bolt of fire hits the efreet.
The efreet completely resists.
The bolt of fire hits you!!! The fire burns you terribly!
* * * LOW HITPOINT WARNING * * *
The efreet gestures at you.
The fireball explodes!
The fireball engulfs you!!! The fire burns you terribly!
You die...

# #. .# #.# .. #.#
#. #.# #. #.#. #.
#R#.# #x#R#☼#.
##Y#...#
#########.#.....#
#......#.#..#####
#####.#.#.#.#
......#)...#.#..#.#
...#.#...#.#.#.#.#
##....####(#..#.#.#
......#)#.#.#.#.#.#
#....##.#.#.#.#.


You could see 2 efreet and an unseen horror (invisible).

Vanquished Creatures
  Rupert (D:12)
  Gastronok (Lair:1)
  A dire elephant (Lair:6)
  5 hydras
  4 centaur warriors
  An anaconda (Lair:6)
  5 two-headed ogres
  A death knight (D:12)
  2 tengu warriors (D:13)
  2 deep troll earth magi (D:11)
  A fire crab (Lair:4)
  3 unseen horrors
  A necromancer (D:10)
  A wizard (D:14)
  A deep elf mage (D:12)
  2 ugly things
  An oklob plant (Lair:2)
  3 cyclopes
  A black mamba (Lair:5)
  4 elephants (Lair:6)
  10 spiny frogs
  2 rime drakes (Lair:4)
  6 komodo dragons
  A tyrant leech (Lair:4)
  2 polar bears
  2 tengu conjurers
  A slime creature (D:14)
  3 trolls
  3 blink frogs (Lair:4)
  9 dream sheep
  13 hippogriffs
  2 redbacks (Lair:3)
  A spriggan (Lair:5)
  A wraith (D:12)
  4 shadows
  A wyvern (D:8)
  33 yaks
  2 basilisks
  Menkaure (D:6)
  An acid dragon (D:12)
  2 wargs (D:10)
  2 swamp worms (Lair:4)
  A soldier ant (D:11)
  11 water moccasins
  2 orc warriors (D:11)
  11 porcupines
  Duvessa (D:7)
  An ice beast (D:12)
  9 ogres
  A sky beast (D:7)
  4 black bears
  An eye of draining (D:11)
  2 phantoms
  A necrophage (D:5)
  26 wolves
  4 centaurs
  3 crocodiles
  3 big kobolds
  17 bullfrogs
  2 wyvern skeletons
  3 scorpions
  21 killer bees
  6 wights (D:13)
  8 howler monkeys
  An electric eel (Lair:6)
  5 crimson imps
  3 centaur skeletons
  A quasit (D:9)
  2 bullfrog zombies
  3 centaur zombies
  4 orc priests
  3 bullfrog skeletons
  4 hounds
  4 jellies
  14 orc wizards
  7 iguanas
  11 worker ants
  4 polar bear simulacra (D:10)
  4 wolf simulacra (D:10)
  A yak simulacrum (D:10)
  3 killer bee zombies
  A hound zombie (D:5)
  7 gnolls
  A howler monkey skeleton (D:4)
  7 adders
  An ooze (D:2)
  4 adder skeletons
  An adder zombie (D:5)
  5 worms
  A dart slug (D:1)
  2 leopard geckos (D:1)
  36 orcs
  4 giant cockroaches
  5 goblins
  11 hobgoblins
  14 jackals
  20 kobolds
  5 quokkas
  2 ball pythons
  A ball python skeleton (D:4)
  3 bats
  8 frilled lizards
  A leopard gecko zombie (D:7)
  A quokka zombie (D:8)
  9 rats
  2 river rat simulacra (D:10)
  A fungus (D:6)
  5 plants
513 creatures vanquished.

Vanquished Creatures (collateral kills)
  An adder (D:3)
1 creature vanquished.

Vanquished Creatures (others)
  15 fungi
  8 plants
  10 toadstools (Lair:3)
33 creatures vanquished.

Grand Total: 547 creatures vanquished

Notes
Turn   | Place    | Note
-------+----------+-------------------------------------------
     0 | D:1      | zord the Octopode Transmuter began the quest for the Orb.
     0 | D:1      | Reached XP level 1. HP: 13/13 MP: 3/3
    48 | D:1      | Reached XP level 2. HP: 4/18 MP: 5/5
   385 | D:1      | Learned a level 2 spell: Sticks to Snakes
  1057 | D:1      | Reached XP level 3. HP: 18/23 MP: 6/6
  1062 | D:1      | Learned a level 3 spell: Spider Form
  2050 | D:2      | Reached skill level 4 in Unarmed Combat
  2266 | D:2      | Reached XP level 4. HP: 27/28 MP: 7/7
  2641 | D:3      | Found a hide-covered altar of Uskayaw.
  3497 | D:3      | Reached skill level 1 in Poison Magic
  3707 | D:4      | Reached XP level 5. HP: 17/33 MP: 1/8
  4607 | D:4      | Noticed an ogre
  4618 | D:4      | Killed an ogre
  4618 | D:4      | Reached skill level 5 in Unarmed Combat
  4618 | D:4      | Reached XP level 6. HP: 26/38 MP: 7/10
  5378 | D:4      | Found a stormy altar of Qazlal.
  5895 | D:4      | Noticed VAZYLA's ghost (amateur MfFi)
  5896 | D:4      | Found a runed translucent gate.
  5897 | D:4      | Found a runed translucent gate.
  5898 | D:4      | Found a runed translucent gate.
  5974 | D:4      | Noticed Grinder
  6052 | D:5      | Entered Level 5 of the Dungeon
  6310 | D:5      | Reached XP level 7. HP: 44/44 MP: 11/11
  6425 | D:5      | Found the +8 demon blade "Leech" {vamp, rN+ AC-3 EV-3}
  6716 | D:5      | Reached skill level 6 in Unarmed Combat
  6734 | D:5      | Learned a level 4 spell: Ice Form
  6751 | D:5      | Found a deep blue altar of Sif Muna.
  7242 | D:5      | Reached skill level 1 in Ice Magic
  7469 | D:5      | Reached XP level 8. HP: 29/49 MP: 12/12
  7819 | D:6      | Found a staircase to the Ecumenical Temple.
  7831 | Temple   | Entered the Ecumenical Temple
  7900 | D:6      | Found an ornate altar of the Wu Jian Council.
  7916 | D:6      | Reached skill level 7 in Unarmed Combat
  8664 | D:6      | Noticed Menkaure
  8666 | D:6      | Killed Menkaure
  8788 | D:6      | Found a hazy altar of Hepliaklqana.
  8836 | D:6      | Found a runed translucent door.
  8837 | D:6      | Noticed Crazy Yiuf
  8924 | D:7      | Noticed Duvessa
  8927 | D:7      | Noticed Dowan
  9013 | D:7      | Reached XP level 9. HP: 24/56 MP: 14/14
  9260 | D:7      | Killed Duvessa
  9629 | D:7      | Found a shattered altar of Ashenzari.
  9827 | D:7      | Reached skill level 8 in Unarmed Combat
  9832 | D:7      | Reached skill level 5 in Transmutations
 10042 | D:7      | Found a shadowy altar of Dithmenos.
 10839 | D:8      | Reached skill level 5 in Fighting
 10878 | D:8      | Found a staircase to the Lair.
 11159 | D:8      | Found an iron altar of Okawaru.
 11162 | D:8      | Became a worshipper of Warmaster Okawaru
 11189 | D:8      | Found a snail-covered altar of Cheibriados.
 11207 | D:8      | Noticed a two-headed ogre
 11212 | D:8      | Killed a two-headed ogre
 11212 | D:8      | Reached * piety under Okawaru
 11212 | D:8      | Reached skill level 5 in Spellcasting
 11212 | D:8      | Reached XP level 10. HP: 67/67 MP: 16/18
 11443 | D:8      | Noticed a two-headed ogre
 11463 | D:8      | Killed a two-headed ogre
 11463 | D:8      | Reached skill level 5 in Ice Magic
 11782 | D:8      | Reached skill level 1 in Evocations
 12288 | D:9      | Noticed a two-headed ogre
 12295 | D:9      | Killed a two-headed ogre
 12395 | D:9      | Reached ** piety under Okawaru
 12398 | D:9      | Reached skill level 1 in Invocations
 12650 | D:9      | Found a shimmering altar of Xom.
 12650 | D:9      | Found a bloodstained altar of Trog.
 12685 | D:9      | Found a transporter.
 12699 | D:9      | Found a transporter.
 12762 | D:9      | Noticed Grendash's ghost (novice MiFi)
 14384 | D:8      | Reached skill level 9 in Unarmed Combat
 14384 | D:8      | Reached XP level 11. HP: 69/73 MP: 20/20
 14632 | D:10     | Entered Level 10 of the Dungeon
 15094 | D:10     | Noticed a centaur warrior
 15102 | D:10     | Killed a centaur warrior
 15102 | D:10     | Reached *** piety under Okawaru
 15648 | D:10     | Learned a level 5 spell: Blade Hands
 16414 | D:10     | HP: 4/88 [big kobold/stone (2)]
 16732 | D:10     | Noticed a necromancer
 17054 | D:10     | Killed a necromancer
 17355 | D:10     | Found a staircase to the Orcish Mines.
 17835 | D:11     | Noticed a cyan ugly thing
 18088 | D:11     | Reached **** piety under Okawaru
 18088 | D:11     | Reached skill level 10 in Unarmed Combat
 18139 | D:11     | Noticed a green ugly thing
 18154 | D:11     | Killed a green ugly thing
 18166 | D:11     | Noticed a two-headed ogre
 18173 | D:11     | Killed a two-headed ogre
 18316 | D:11     | Received a gift from Okawaru
 18512 | D:11     | Noticed a four-headed hydra
 18512 | D:11     | Noticed a cyclops
 18701 | D:11     | Found a large runed translucent door.
 18709 | D:11     | Found a large runed translucent door.
 18767 | D:11     | Killed a four-headed hydra
 18767 | D:11     | Reached XP level 12. HP: 80/82 MP: 14/21
 18883 | D:11     | Reached skill level 11 in Unarmed Combat
 19568 | D:11     | Reached ***** piety under Okawaru
 19933 | D:11     | Found a burning altar of Makhleb.
 19933 | D:11     | Noticed a deep troll earth mage
 19939 | D:11     | Killed a deep troll earth mage
 20208 | D:11     | Found a glowing silver altar of Zin.
 20208 | D:11     | Noticed a deep troll earth mage
 20217 | D:11     | Killed a deep troll earth mage
 20485 | D:12     | Noticed a death knight
 20513 | D:12     | Killed a death knight
 20513 | D:12     | Reached skill level 5 in Invocations
 20945 | D:12     | Noticed Rupert
 20966 | D:12     | Killed Rupert
 20966 | D:12     | Reached skill level 1 in Stealth
 20966 | D:12     | Reached skill level 12 in Unarmed Combat
 21258 | D:12     | Found Soelo's Assorted Antiques.
 21540 | D:12     | Noticed Sonja
 21541 | D:12     | Sonja changed into something unseen
 21563 | D:12     | HP: 3/98 [something (10)]
 21565 | D:12     | HP: 1/98 [something (10)]
 22002 | Lair:1   | Entered Level 1 of the Lair of Beasts
 22156 | Lair:1   | Noticed Gastronok
 22426 | Lair:1   | Killed Gastronok
 22426 | Lair:1   | Reached skill level 13 in Unarmed Combat
 22426 | Lair:1   | Reached XP level 13. HP: 87/89 MP: 14/22
 23936 | Lair:2   | Gained mutation: Your body sometimes deteriorates upon
                  | taking damage. [potion of mutation]
 23936 | Lair:2   | Gained mutation: You have a pair of small antennae on your
                  | head. [potion of mutation]
 23937 | Lair:2   | Lost mutation: Your body sometimes deteriorates upon taking
                  | damage. [potion of mutation]
 23937 | Lair:2   | Lost mutation: You have a pair of small antennae on your
                  | head. [potion of mutation]
 23937 | Lair:2   | Gained mutation: Potions are less effective at restoring
                  | your health. [potion of mutation]
 23937 | Lair:2   | Gained mutation: You are covered in fur. (AC +1) [potion of
                  | mutation]
 23937 | Lair:2   | Gained mutation: Your spells are a little harder to cast,
                  | but a little more powerful. [potion of mutation]
 24046 | Lair:2   | Lost mutation: Your spells are a little harder to cast, but
                  | a little more powerful. [potion of mutation]
 24046 | Lair:2   | Lost mutation: Potions are less effective at restoring your
                  | health. [potion of mutation]
 24046 | Lair:2   | Lost mutation: You are covered in fur. (AC +1) [potion of
                  | mutation]
 24046 | Lair:2   | Gained mutation: You are agile. (Dex +2) [potion of
                  | mutation]
 24046 | Lair:2   | Gained mutation: You are resistant to electric shocks.
                  | (rElec) [potion of mutation]
 24046 | Lair:2   | Gained mutation: Your flesh is cold resistant. (rC+)
                  | [potion of mutation]
 24865 | Lair:3   | Found a blossoming altar of Fedhas.
 25073 | Lair:3   | Reached ****** piety under Okawaru
 25330 | Lair:3   | Found a hole to the Spider Nest.
 25338 | Lair:3   | Received a gift from Okawaru
 25956 | Lair:4   | Reached skill level 14 in Unarmed Combat
 27042 | Lair:4   | Reached skill level 5 in Stealth
 27051 | Lair:4   | Found a staircase to the Swamp.
 27147 | Lair:4   | Identified a scroll of acquirement
 27150 | Lair:4   | Got a clouded marble ring
 27151 | Lair:4   | Identified the ring of Jyuvoigri {Wiz rN+ MR+ Str-5} (You
                  | acquired it on level 4 of the Lair of Beasts)
 27208 | Lair:4   | Received a gift from Okawaru
 27356 | Lair:4   | Got a twisted shield {god gift}
 27368 | Lair:4   | Identified the +1 shield of Resourcefulness {rPois rCorr}
                  | (Okawaru gifted it to you on level 4 of the Lair of Beasts)
 28021 | Lair:5   | Reached skill level 5 in Dodging
 28021 | Lair:5   | Reached skill level 1 in Shields
 28044 | Lair:5   | Reached XP level 14. HP: 42/97 MP: 16/23
 28896 | Lair:5   | You fall through a shaft!
 28896 | Lair:6   | Entered Level 6 of the Lair of Beasts
 29332 | Lair:6   | Reached skill level 15 in Unarmed Combat
 30476 | Lair:6   | Found a staircase to the Slime Pits.
 31017 | Lair:6   | Noticed a dire elephant
 31017 | Lair:6   | Noticed a dire elephant
 31049 | Lair:6   | Killed a dire elephant
 31066 | Lair:6   | Noticed a dire elephant
 31423 | Lair:6   | Learned a level 3 spell: Regeneration
 31871 | Lair:6   | Noticed a dire elephant
 32222 | D:12     | Noticed Sonja
 32238 | D:12     | Killed Sonja the unseen horror
 32391 | D:12     | Learned a level 2 spell: Passwall
 32674 | D:13     | Reached skill level 1 in Charms
 32674 | D:13     | Reached skill level 1 in Necromancy
 32674 | D:13     | Reached skill level 10 in Transmutations
 33709 | D:13     | Received a gift from Okawaru
 33752 | D:13     | Got a steaming hat {god gift}
 33753 | D:13     | Identified the +1 hat of Natyo {rF+ Slay+6} (Okawaru gifted
                  | it to you on level 13 of the Dungeon)
 34493 | D:13     | Reached skill level 1 in Earth Magic
 34704 | D:14     | Reached skill level 16 in Unarmed Combat
 34713 | D:14     | Killed from afar by an efreet

Skill      XL: |  1  2  3  4  5  6  7  8  9 10 11 12 13 14 |
---------------+-------------------------------------------+-----
Unarmed Combat | 4 5 6 7 8 9 10 13 14 16 | 16.0
Poison Magic   | 1 2 3 4 |  4.4
Transmutations | 3 4 6 7 8 9 10 | 10.0
Spellcasting   | 3 5 6 7 |  7.0
Fighting       | 2 3 5 6 7 8 9 |  9.4
Ice Magic      | 1 3 4 5 6 7 |  7.1
Evocations     | 2 |  2.6
Invocations    | 2 4 5 |  5.0
Stealth        | 3 5 |  5.2
Dodging        | 3 5 |  5.2
Shields        | 1 3 |  3.1
Charms         | 1 |  1.9
Necromancy     | 1 |  1.8
Earth Magic    | 1 |  1.5
Long Blades    | |  0.3

Action                   |  1- 3 |  4- 6 |  7- 9 | 10-12 | 13-15 || total
-------------------------+-------+-------+-------+-------+-------++-------
Melee: Unarmed           |    86 |   169 |    31 |   357 |   782 ||  1425
       Constrict         |    25 |    29 |    37 |    26 |    24 ||   141
       Tentacles         |    19 |    30 |    31 |    29 |    34 ||   143
       Kick              |     5 |    14 |    15 |    21 |    15 ||    70
       Punch             |     1 |     3 |    13 |    13 |    25 ||    55
       Demon blade       |       |       |   133 |   137 |       ||   270
 Cast: Beastly Appendage |     5 |    13 |    12 |    16 |    18 ||    64
       Spider Form       |       |     5 |     6 |     6 |     7 ||    24
       Sticks to Snakes  |       |     5 |       |       |     2 ||     7
       Ice Form          |       |       |       |    32 |    59 ||    91
       Blade Hands       |       |       |       |       |     1 ||     1
Invok: Heroism           |       |       |       |    13 |    13 ||    26
       Finesse           |       |       |       |     2 |     4 ||     6
Evoke: Wand              |       |       |     3 |    15 |       ||    18
       Box of beasts     |       |       |       |       |     1 ||     1
       Sack of spiders   |       |       |       |       |     1 ||     1
  Use: Scroll            |       |       |    11 |     8 |    17 ||    36
       Potion            |       |       |       |     7 |     4 ||    11
 Stab: Sleeping          |     5 |     7 |     7 |     8 |    12 ||    39
       Distracted        |       |       |       |       |     1 ||     1
  Eat: Chunk             |     4 |    15 |     9 |    32 |    28 ||    88
       Ration            |       |       |     3 |     3 |     6 ||    12
Armor: Skin              |     4 |     9 |       |    65 |   127 ||   205
Dodge: Dodged            |    38 |   107 |    97 |   267 |   377 ||   886
Block: Shield            |       |       |       |       |    19 ||    19
       Rpst.: Demon blade |       |       |    21 |    28 |       ||    49
